 Dungeon Crawl Stone Soup version 0.28.0-43-g3370ac3207 (webtiles) character file.

Game seed: 11490243337409516933

168 H0rd4k the Magician (level 5, 0/28 HPs)
             Began as a Deep Elf Hedge Wizard on Mar 11, 2022.
             Slain by a giant cockroach (2 damage)
             ... on level 4 of the Dungeon.
             The game lasted 00:06:10 (3926 turns).

H0rd4k the Magician (Deep Elf Hedge Wizard)         Turns: 3926, Time: 00:06:10

Health: 0/28       AC:  7    Str:  7    XL:     5   Next: 24%
Magic:  6/16       EV: 12    Int: 21    God:
Gold:   161        SH:  0    Dex: 14    Spells: 8/17 levels left

rFire   . . .      SeeInvis .   a - +1 dagger
rCold   . . .      Faith    .   (no shield)
rNeg    . . .      Spirit   .   b - +0 robe
rPois   .          Reflect  .   c - +1 hat
rElec   .          Harm     .   (no cloak)
rCorr   .          Rampage  .   (no gloves)
Will    .....                   (no boots)
Stlth   +.........              (no amulet)
HPRegen 0.09/turn               n - +4 ring of protection
MPRegen 0.15/turn               (no ring)

@: on blink cooldown, very slow
A: no striking features
a: no special abilities


You were on level 4 of the Dungeon.
You visited 1 branch of the dungeon, and saw 4 of its levels.

You collected 161 gold pieces.

Inventory:

Hand Weapons
 a - a +1 dagger (weapon)
Armour
 b - a +0 robe (worn)
 c - a +1 hat (worn)
Jewellery
 n - a +4 ring of protection (left hand)
 p - an amulet of regeneration
Scrolls
 j - 4 scrolls of identify
Potions
 d - a potion of curing
 e - a potion of attraction {unknown}
 f - a potion of haste {unknown}
 g - 2 potions of mutation {unknown}
 h - a potion of brilliance
 m - a potion of heal wounds {unknown}
 o - a potion of might {unknown}
 q - a potion of berserk rage {unknown}


   Skills:
 + Level 2.7 Dodging
 - Level 2.4 Stealth
 + Level 6.6 Spellcasting
 + Level 2.6 Conjurations
 + Level 1.1 Summonings
 + Level 1.1 Translocations
 * Level 1.4 Fire Magic
 * Level 0.6 Air Magic
 + Level 1.0 Poison Magic


You had 8 spell levels left.
You knew the following spells:

 Your Spells              Type           Power      Damage    Failure   Level
a - Magic Dart            Conj           72%        1d6       3%          1
b - Blink                 Tloc           22%        N/A       9%          2
c - Conjure Flame         Conj/Fire      15%        6-21      12%         3
d - Mephitic Cloud        Conj/Pois/Air  13%        N/A       16%         3

Your spell library contained the following spells:

 Spells                   Type           Power      Damage    Failure   Level
 Call Imp                 Summ           11%        N/A       9%          2
 Slow                     Hex            24%        N/A       10%         1


Dungeon Overview and Level Annotations

Branches:
Dungeon (4/15)
 Temple: D:4-7

Altars:
Xom

Shops:
D:4 [


Message History

The quokka bites you but does no damage.
The orc wizard casts a spell.
The orc wizard flickers and vanishes!
Deactivating autopickup; reactivate with Ctrl-A.
The adder skeleton bites you but does no damage.
The quokka bites you. The adder skeleton misses you.
Casting: Conjure Flame (quite dangerous; 12% risk of failure)
Confirm with . or Enter, or press ? or * to list all spells.
You blink.
Splash!
The giant cockroach bites you but does no damage.
The giant cockroach splashes around in the water.
The giant cockroach misses you. The giant cockroach bites you.
* * * LOW HITPOINT WARNING * * *
The giant cockroach barely misses you.
You feel stable enough to blink again.
The giant cockroach splashes around in the water.
The giant cockroach misses you.
The giant cockroach bites you but does no damage.
A quokka comes into view.
A rat and a worm come into view.
The quokka bites you but does no damage.
The quokka closely misses you.
The giant cockroach bites you but does no damage.
The quokka bites you but does no damage.
The giant cockroach bites you.
* * * LOW HITPOINT WARNING * * *
The quokka bites you.
* * * LOW HITPOINT WARNING * * *
Casting: Blink (safe; 9% risk of failure)
Confirm with . or Enter, or press ? or * to list all spells.
You blink.
Splash!
The quokka misses you. The giant cockroach bites you.
* * * LOW HITPOINT WARNING * * *
The giant cockroach bites you but does no damage.
The quokka bites you.
* * * LOW HITPOINT WARNING * * *
The giant cockroach bites you.
You die...

####### #.o.oW#
###########.###.# ##
#....K†......##h#######.##
#.#####........KoW.....#.#
#.#..o#...###.#.#######.#
#h#...o[(##≈######≈## #.#
#.#...#..#≈rB@rw≈{W≈# #.#
#h##.##h##r≈B####Z≈≈# #.#
#..h....###≈## ##≈## #.#
#.......# #≈# #≈# #.#
#.#...#.# #≈# #≈# ##.#####
#....†..# #w# ##Z###......#
#.....).##≈≈≈ #≈{≈##.##.#.#
#.........#≈≈≈ #≈≈≈##W##.#
##.......###≈######≈###.#..#


You could see a phantom, a worm, 2 quokkas, 2 giant cockroaches, a rat and an
adder skeleton.

Vanquished Creatures
  An orc wizard (D:4)
  6 adders
  A worm (D:2)
  A dart slug (D:2)
  3 orcs
  6 ball pythons
  6 bats
  4 endoplasms
  3 giant cockroaches
  13 goblins
  9 hobgoblins
  8 jackals
  2 quokkas (D:1)
  7 kobolds
  5 rats
75 creatures vanquished.

Vanquished Creatures (others)
  3 plants (D:3)
3 creatures vanquished.

Grand Total: 78 creatures vanquished

Notes
Turn   | Place    | Note
-------+----------+-------------------------------------------
     0 | D:1      | H0rd4k the Deep Elf Hedge Wizard began the quest for the
                  | Orb.
     0 | D:1      | Reached XP level 1. HP: 10/10 MP: 7/7
   207 | D:1      | Reached skill level 5 in Spellcasting
   241 | D:1      | Reached XP level 2. HP: 15/15 MP: 7/10
   960 | D:1      | Reached XP level 3. HP: 19/19 MP: 9/12
   963 | D:1      | Learned a level 2 spell: Blink
   967 | D:1      | Learned a level 3 spell: Conjure Flame
   971 | D:1      | Learned a level 3 spell: Mephitic Cloud
  2002 | D:2      | Reached skill level 6 in Spellcasting
  2002 | D:2      | Reached XP level 4. HP: 12/24 MP: 7/14
  2217 | D:2      | Reached skill level 1 in Poison Magic
  2971 | D:3      | Found a shimmering altar of Xom.
  3581 | D:4      | Reached skill level 1 in Fire Magic
  3611 | D:4      | Noticed a scorpion
  3655 | D:4      | Reached XP level 5. HP: 28/28 MP: 2/16
  3709 | D:4      | Found Ruankaz's Antique Armour Shop.
  3816 | D:4      | Noticed a phantom
  3926 | D:4      | Slain by a giant cockroach

Illustrated notes

Levels and vault maps discovered:
D:1:      scummos_arrival_checkerplants, layout_basic
D:2:      layout_basic, minmay_tromino_v7
D:3:      layout_loops_cross, mainiacjoe_overflow_cross_hatched,
          kennysheep_generic_room_6
D:4:      layout_loops_cross, gup_sewer_entry_bubbles, serial_shops, shop

Skill      XL: |  1  2  3  4 |
---------------+-------------+-----
Spellcasting   | 5 6 |  6.6
Poison Magic   | 1 |  1.0
Conjurations   | 2 |  2.6
Fire Magic     | 1 |  1.4
Dodging        | |  2.7
Stealth        | |  2.4
Summonings     | |  1.1
Translocations | |  1.1
Air Magic      | |  0.6

Action                   |  1- 3 |  4- 6 || total
-------------------------+-------+-------++-------
Melee: Dagger            |       |     4 ||     4
 Cast: Magic Dart        |   119 |    59 ||   178
       Mephitic Cloud    |       |     5 ||     5
       Conjure Flame     |       |     3 ||     3
       Blink             |       |     3 ||     3
  Use: Scroll            |       |     4 ||     4
       Potion            |       |     2 ||     2
Armor: Robe              |     6 |    35 ||    41
Dodge: Dodged            |    12 |    65 ||    77
